 Dungeon Crawl Stone Soup version 0.20.1-1-g8b1a95d (webtiles) character file.

160270 equalderp2856 the Severer (level 17, -2/156 HPs)
             Began as a Minotaur Fighter on Aug 25, 2017.
             Slain by an entropy weaver (11 damage)
             ... on level 3 of the Spider Nest.
             The game lasted 02:16:19 (40355 turns).

equalderp2856 the Severer (Minotaur Fighter)       Turns: 40355, Time: 02:16:20

Health: -2/156     AC:  6    Str: 23 (25) XL:     17   Next: 17%
Magic:  25/25      EV: 10    Int:  7 (8)  God:
Gold:   2529       SH:  0    Dex: 10 (12) Spells: 17/28 levels left

rFire    + . .     SeeInvis .   O - +4 war axe (chop)
rCold    + + .     Gourm    .   c - +0 shield
rNeg     . . .     Faith    .   W - +3 plate armour {rC+}
rPois    +         Spirit   .   (helmet restricted)
rElec    .         Reflect  .   F - scarf {rC+ rF+}
rCorr    .         Harm     .   p - +2 pair of gloves "Jaroumucw" {+Blink}
MR       +....                  x - +0 pair of boots
Stlth    ..........             L - amulet of regeneration
Regen    0.8/turn               P - ring of poison resistance
MPRegen  0.2/turn               S - +2 ring of strength

@: confused, corroded
A: retaliatory headbutt, horns 2
a: Evoke Blink


You were on level 3 of the Spider Nest.
You were hungry.

You visited 4 branches of the dungeon, and saw 24 of its levels.
You also visited: Sewer, Ossuary, Bailey and Ice Cave.

You collected 3266 gold pieces.
You spent 737 gold pieces at shops.

Inventory:

Hand Weapons
 b - a +0 broad axe
 k - a +0 battleaxe of freezing
 m - a +2 hand crossbow of flaming
 O - a +4 war axe of chopping (weapon)
Armour
 a - a +3 chain mail of magic resistance
 c - a +0 shield (worn)
 p - the +2 pair of gloves "Jaroumucw" (worn) {+Blink}
   (You acquired it on level 4 of the Lair of Beasts)

   It lets you blink.
 x - a +0 pair of boots (worn)
 E - the +3 chain mail of Lyurgh {+Blink rC++ MR- Regen+}
   (You bought it in a shop on level 10 of the Dungeon)

   It greatly protects you from cold.
   It affects your resistance to hostile enchantments.
   It lets you blink.
   It increases your rate of regeneration.
 F - a scarf of resistance (worn)
 W - a +3 plate armour of cold resistance (worn)
 X - a +0 cloak
 Y - a +3 scale mail of magic resistance
Jewellery
 s - an uncursed ring of fire
 C - the ring of the Jackalope {Fire -Tele rElec MR++}
   (You found it on level 3 of the Lair of Beasts)

   [ring of fire]

   It enhances your fire magic.
   It protects you from fire.
   It makes you vulnerable to cold.
   It insulates you from electricity.
   It affects your resistance to hostile enchantments.
   It prevents most forms of teleportation.
 J - an uncursed ring of positive energy
 L - an amulet of regeneration (around neck)
 N - an uncursed ring of protection from cold
 P - a ring of poison resistance (left hand)
 S - a +2 ring of strength (right hand)
Wands
 I - a wand of clouds (5/9)
Scrolls
 e - 5 scrolls of blinking
 j - 10 scrolls of remove curse
 n - 3 scrolls of fog
 q - 2 scrolls of teleportation
 t - 3 scrolls of magic mapping
 u - 3 scrolls of enchant weapon
 w - a scroll of brand weapon
 y - 6 scrolls of identify
 H - 2 scrolls of summoning
 T - 5 scrolls of enchant armour
 Z - 3 scrolls of fear
Potions
 d - 3 potions of might
 i - a potion of experience
 o - 4 potions of flight
 v - 6 potions of curing
 z - a potion of heal wounds
 A - a potion of mutation {unknown}
 D - 4 potions of ambrosia
 G - 5 potions of resistance
 M - 3 potions of cancellation
 U - 2 potions of invisibility
Books
 h - a book of Summonings

   Spells                             Type                      Level
   a - Recall                         Summoning/Translocation      3
   b - Aura of Abjuration             Summoning                    5
   c - Summon Demon                   Summoning                    5
   d - Summon Forest                  Summoning/Translocation      5
   e - Summon Mana Viper              Hexes/Summoning              5
   f - Shadow Creatures               Summoning                    6
 B - the Incunabulum of Darkness
   (You found it in an ice cave)

   Spells                             Type                      Level
   a - Corpse Rot                     Necromancy                   2
   b - Sublimation of Blood           Necromancy                   2
   c - Agony                          Necromancy                   5
 K - a book of Ice

   Spells                             Type                      Level
   a - Ice Form                       Ice/Transmutation            4
   b - Metabolic Englaciation         Hexes/Ice                    5
   c - Ozocubu's Refrigeration        Ice                          6
   d - Bolt of Cold                   Conjuration/Ice              6
   e - Freezing Cloud                 Conjuration/Ice/Air          6
   f - Simulacrum                     Ice/Necromancy               6
 R - a book of Cantrips

   Spells                             Type                      Level
   a - Confusing Touch                Hexes                        1
   b - Animate Skeleton               Necromancy                   1
   c - Summon Small Mammal            Summoning                    1
   d - Apportation                    Translocation                1
Miscellaneous
 l - 2 boxes of beasts
 Q - a fan of gales
Comestibles
 f - 15 bread rations
 g - 8 meat rations
 r - 13 royal jellies
 V - 10 fruits


   Skills:
 + Level 15.3 Fighting
 + Level 18.4(18.7) Axes
   Level 6.1(13.6) Polearms
 + Level 16.6 Armour
 + Level 5.4 Dodging
 + Level 2.5 Stealth
 + Level 17.4 Shields
 * Level 6.2 Spellcasting
 + Level 1.0 Charms
 + Level 1.3 Evocations


You had 17 spell levels left.
You knew the following spells:

 Your Spells              Type           Power        Failure   Level  Hunger
a - Infusion              Chrm           #...         77%         1    #......
b - Shroud of Golubria    Chrm/Tloc      #.........   92%         2    ##.....
c - Song of Slaying       Chrm           #.......     88%         2    ##.....
d - Regeneration          Chrm/Necr      #.........   99%         3    ###....
e - Spectral Weapon       Hex/Chrm       #.......     99%         3    ###....


Dungeon Overview and Level Annotations

Branches:
Dungeon (12/15)            Temple (0/1) D:7            Lair (6/6) D:9
  Swamp (0/4) Lair:3       Spider (4/4) Lair:2        Slime (0/5) Lair:5
    Orc (2/2) D:10            Elf (0/3) Orc:2

Altars:
Elyvilon
Fedhas
Kikubaaqudgha
Makhleb
Qazlal
Ru
Sif Muna
Trog
Uskayaw
Vehumet
Yredelemnul
Zin
The Shining One
Beogh
Jiyva

Shops:
D:4 *   D:6 (   D:10 [   Orc:2 *=([

Annotations:
Lair:3 exclusion: 2 oklob plants
Lair:5 1 runed door
Lair:6 exclusion: door
Spider:2 Mara


Innate Abilities, Weirdness & Mutations

You reflexively headbutt those who attack you in melee.
You have a pair of horns on your head.


Message History

The tarantella completely misses you.
Unknown command.
You feel much better. The entropy weaver hits you!
* * * LOW HITPOINT WARNING * * *
The entropy weaver hits you!
* * * LOW HITPOINT WARNING * * *
The entropy weaver hits you but does no damage.
The entropy weaver hits you!
* * * LOW HITPOINT WARNING * * *
The tarantella closely misses you.
The entropy weaver gestures wildly while chanting.
The entropic weave corrodes you!
You're too confused!
You feel much better. The tarantella bites you!
* * * LOW HITPOINT WARNING * * *
You are more confused.
The tarantella barely misses you. The entropy weaver hits you!
* * * LOW HITPOINT WARNING * * *
The entropy weaver hits you!
You die...

..#...........#........####.....#
^^#............^......## #.......
..###.....^..........## #^(.....
^.##...^^.........^### ####......
###....#....######### #..##.....
.###..##.........<..####..^#...^.
## ####.....(...)....#..^[.##.#..
## #.....................####..
.# ##.......^#@........### ##..
.# #......#..#as......## #... .#
#......####.....|##### #... ##
#..#####.^.....^...^.# #### .#
#### #.......#......## .#
#......##...[...## # ##
###......#........# #
#........#........# #
###.......##.....#### #


You could see an entropy weaver and a tarantella.

Vanquished Creatures
  Arachne (Spider:3)
  Rupert (Spider:1)
  Frances (Spider:1)
  2 orc warlords
  A frost giant (IceCv)
  3 ghost moths
  Louise (Spider:1)
  3 emperor scorpions
  The ghost of vomix the Severer, a journeyman MiBe of Trog (Orc:2)
  6 entropy weavers
  3 stone giants
  Azrael (Spider:3)
  3 dire elephants
  2 spark wasps
  Josephine (Orc:1)
  Harold (Lair:4)
  13 hydras
  Erica (D:8)
  2 two-headed ogres
  3 death yaks
  The ghost of hilaritas the Cleaver, a novice FoFi of Okawaru (Bailey)
  4 unseen horrors
  4 orc knights
  17 orb spiders
  A wizard (Lair:6)
  A deep elf mage (D:12)
  2 ugly things
  An orc sorcerer (Orc:2)
  2 cyclopes (D:12)
  24 wolf spiders
  A moth of wrath (Spider:3)
  Maurice (D:7)
  15 elephants
  5 black mambas
  A guardian serpent (D:9)
  Joseph (D:8)
  2 torpor snails (Spider:2)
  Psyche (D:8)
  An ice statue (IceCv)
  8 spiny frogs
  5 rime drakes
  10 komodo dragons
  22 demonic crawlers
  35 jumping spiders
  8 hornets
  15 polar bears
  7 trolls
  28 blink frogs
  4 dream sheep (Lair:6)
  10 hippogriffs
  19 tarantellas
  60 redbacks
  3 shadows
  72 yaks
  5 wraiths
  2 fire elementals (Spider:3)
  2 basilisks
  2 hungry ghosts
  9 wargs
  A soldier ant (D:9)
  6 swamp worms (Lair:3)
  17 water moccasins
  Purgy (Sewer)
  3 hell hounds
  8 porcupines
  4 black bears
  45 orc warriors
  A sky beast (D:12)
  An eye of draining (D:12)
  11 ogres
  6 necrophages
  3 phantoms
  54 wolves
  11 centaurs
  15 crocodiles
  21 bullfrogs
  3 big kobolds
  A wyvern zombie (D:9)
  3 wyvern skeletons
  3 scorpions
  12 wights
  11 howler monkeys
  9 crimson imps
  7 electric eels
  4 centaur zombies
  4 bullfrog zombies
  26 orc priests
  A hound (D:3)
  A centaur skeleton (D:4)
  31 orc wizards
  A quasit (D:8)
  Crazy Yiuf (D:3)
  A gnoll shaman (D:7)
  3 jellies
  3 bullfrog skeletons
  4 iguanas
  8 worker ants
  14 hell rats
  A big kobold zombie (Ossuary)
  A hound zombie (D:9)
  12 mummies
  2 worker ant zombies
  A howler monkey skeleton (D:4)
  5 gnolls (D:7)
  17 adders
  2 river rats (D:3)
  2 shadow imps
  An ooze (D:2)
  2 adder zombies (D:9)
  4 adder skeletons
  2 worms
  A dart slug (D:4)
  8 leopard geckos
  155 orcs
  8 ball pythons
  6 giant cockroaches
  A gnoll zombie (Ossuary)
  10 goblins
  9 hobgoblins
  15 jackals
  23 kobolds
  5 quokkas
  A ball python zombie (D:5)
  15 bats
  5 frilled lizards
  2 hobgoblin zombies (Ossuary)
  A leopard gecko skeleton (D:4)
  4 orc zombies (Ossuary)
  2 quokka skeletons
  6 rats
  13 fungi
  3 plants
1165 creatures vanquished.

Vanquished Creatures (others)
  2 jumping spiders (Spider:1)
  A yak (IceCv)
  7 fungi
  4 plants
14 creatures vanquished.

Grand Total: 1179 creatures vanquished

Notes
Turn   | Place    | Note
-------+----------+-------------------------------------------
     0 | D:1      | equalderp2856 the Minotaur Fighter began the quest for the Orb.
     0 | D:1      | Reached XP level 1. HP: 19/19 MP: 0/0
    51 | D:1      | Reached XP level 2. HP: 26/27 MP: 1/1
   307 | D:1      | Reached XP level 3. HP: 27/33 MP: 2/2
   629 | D:2      | Reached skill level 3 in Axes
   695 | D:2      | Found a basalt altar of Yredelemnul.
   697 | D:2      | Noticed a profane servitor
   720 | D:2      | Found a glowing golden altar of the Shining One.
   722 | D:2      | Noticed an angel
   947 | D:2      | Found a sacrificial altar of Ru.
   949 | D:2      | Reached XP level 4. HP: 40/40 MP: 3/3
  1652 | D:3      | Found a hide-covered altar of Uskayaw.
  1820 | D:3      | Found a glowing drain.
  1827 | D:3      | Reached XP level 5. HP: 46/46 MP: 4/4
  1832 | Sewer    | Entered a sewer
  1880 | Sewer    | Noticed Purgy
  1893 | Sewer    | Killed Purgy
  1893 | Sewer    | Reached skill level 4 in Axes
  1893 | Sewer    | Reached skill level 5 in Shields
  1902 | Sewer    | Reached skill level 1 in Dodging
  2412 | D:3      | Reached skill level 5 in Armour
  2412 | D:3      | Reached XP level 6. HP: 52/52 MP: 5/5
  2593 | D:3      | Found a runed door.
  3053 | D:3      | Noticed Crazy Yiuf
  3057 | D:3      | Killed Crazy Yiuf
  3232 | D:4      | Found Doxkirebb's Assorted Antiques.
  3248 | D:4      | Bought a lumpy red potion for 25 gold pieces
  3248 | D:4      | Bought a scroll labeled XEIKLAQ URI for 28 gold pieces
  3248 | D:4      | Bought a murky purple potion for 25 gold pieces
  3298 | D:4      | Reached skill level 5 in Axes
  3396 | D:4      | Found a blossoming altar of Fedhas.
  3554 | D:4      | Found a white marble altar of Elyvilon.
  3681 | D:4      | Reached XP level 7. HP: 59/59 MP: 6/6
  3910 | D:5      | Entered Level 5 of the Dungeon
  3925 | D:5      | Reached skill level 6 in Axes
  4086 | D:5      | Found a sand-covered staircase.
  4091 | Ossuary  | Entered an ossuary
  4117 | Ossuary  | Reached skill level 7 in Axes
  5172 | D:6      | Reached XP level 8. HP: 63/67 MP: 7/7
  5174 | D:6      | Reached skill level 5 in Fighting
  5326 | D:7      | Reached skill level 8 in Axes
  5698 | D:6      | Found a deep blue altar of Sif Muna.
  5980 | D:6      | Found a burning altar of Makhleb.
  5987 | D:6      | Reached skill level 1 in Stealth
  6112 | D:6      | Found Ystraothy's Weapon Emporium.
  6189 | D:6      | Bought a +3 war axe of chopping for 310 gold pieces
  6320 | D:6      | Found an ancient bone altar of Kikubaaqudgha.
  6379 | D:7      | Reached skill level 9 in Axes
  6460 | D:7      | Found a staircase to the Ecumenical Temple.
  6467 | D:7      | Reached XP level 9. HP: 62/75 MP: 8/8
  7154 | D:8      | Noticed Joseph
  7168 | D:8      | Killed Joseph
  7252 | D:8      | Reached skill level 10 in Axes
  7306 | D:8      | Found a glowing silver altar of Zin.
  7400 | D:8      | Found a bloodstained altar of Trog.
  7717 | D:8      | Noticed Maurice
  7956 | D:7      | Killed Maurice
  8041 | D:8      | Found a radiant altar of Vehumet.
  8182 | D:8      | Noticed Psyche
  8186 | D:8      | Noticed Erica
  8189 | D:8      | Killed Psyche
  8189 | D:8      | Reached XP level 10. HP: 84/85 MP: 9/9
  8204 | D:8      | Killed Erica
  8204 | D:8      | Reached skill level 11 in Axes
  8780 | D:9      | Reached skill level 12 in Axes
  8895 | D:9      | Noticed a guardian serpent
  8902 | D:9      | Killed a guardian serpent
  9102 | D:9      | Found a staircase to the Lair.
  9593 | D:9      | Paralysed by a hornet for 1 turns
  9803 | Lair:1   | Entered Level 1 of the Lair of Beasts
  9854 | Lair:1   | Reached XP level 11. HP: 93/93 MP: 10/10
  9871 | Lair:1   | Reached skill level 13 in Axes
  9910 | Lair:1   | Noticed an eight-headed hydra
  9965 | Lair:1   | Noticed a five-headed hydra
  9982 | Lair:1   | Reached skill level 10 in Shields
 10154 | Lair:1   | Reached skill level 10 in Armour
 10983 | Lair:1   | Reached skill level 14 in Axes
 11084 | Lair:1   | Killed an eight-headed hydra
 11084 | Lair:1   | Reached skill level 1 in Polearms
 11479 | Lair:1   | Killed a five-headed hydra
 11510 | Lair:1   | Reached XP level 12. HP: 95/105 MP: 11/11
 11574 | Lair:1   | Learned a level 1 spell: Infusion
 11577 | Lair:1   | Learned a level 2 spell: Shroud of Golubria
 11580 | Lair:1   | Learned a level 2 spell: Song of Slaying
 11584 | Lair:1   | Learned a level 3 spell: Regeneration
 11588 | Lair:1   | Learned a level 3 spell: Spectral Weapon
 12222 | Lair:2   | Noticed a five-headed hydra
 12232 | Lair:2   | Killed a five-headed hydra
 12254 | Lair:2   | Noticed an eight-headed hydra
 12265 | Lair:2   | Killed an eight-headed hydra
 13101 | Lair:2   | Found a hole to the Spider Nest.
 13594 | Lair:3   | Got a sparkling jade ring
 13647 | Lair:3   | Reached skill level 10 in Fighting
 13709 | Lair:3   | Reached skill level 15 in Axes
 14319 | Lair:3   | Found a staircase to the Swamp.
 15096 | Lair:4   | Identified a scroll of acquirement
 15099 | Lair:4   | Got a pair of faintly glowing gloves
 15112 | Lair:4   | Identified the +2 pair of gloves "Jaroumucw" {+Blink} (You acquired it on level 4 of the Lair of Beasts)
 15299 | Lair:4   | Reached XP level 13. HP: 113/114 MP: 12/12
 15391 | Lair:4   | Noticed Harold
 15590 | Lair:4   | Reached skill level 1 in Evocations
 16119 | Lair:4   | Found a hide-covered altar of Uskayaw.
 16240 | Lair:4   | Killed Harold
 16608 | Lair:5   | Found a runed door.
 16608 | Lair:5   | Found a viscous altar of Jiyva.
 16608 | Lair:5   | Found a staircase to the Slime Pits.
 16698 | Lair:5   | Reached skill level 16 in Axes
 16943 | Lair:1   | Identified the ring of the Jackalope {Fire -Tele rElec MR++} (You found it on level 3 of the Lair of Beasts)
 18240 | Lair:6   | Entered Level 6 of the Lair of Beasts
 18826 | Lair:6   | Reached skill level 5 in Polearms
 18960 | Lair:6   | Reached XP level 14. HP: 62/125 MP: 13/13
 21165 | Lair:2   | You fall through a shaft for 2 floors!
 22528 | D:10     | Entered Level 10 of the Dungeon
 22647 | D:10     | Found Ecri Weg's Antique Armour Shop.
 22732 | D:10     | Bought a transparent chain mail for 161 gold pieces
 22752 | D:10     | Identified the +3 chain mail of Lyurgh {+Blink rC++ MR- Regen+} (You bought it in a shop on level 10 of the Dungeon)
 22874 | D:10     | Found a staircase to the Orcish Mines.
 22950 | D:10     | Found a stormy altar of Qazlal.
 23280 | D:10     | Reached skill level 1 in Spellcasting
 23704 | D:11     | Found a frozen archway.
 23735 | IceCv    | Entered an ice cave
 23888 | IceCv    | Identified the Incunabulum of Darkness
 24087 | IceCv    | Reached skill level 5 in Dodging
 24093 | IceCv    | Reached skill level 17 in Axes
 24243 | IceCv    | Noticed a frost giant
 24285 | IceCv    | Killed a frost giant
 24428 | IceCv    | Got an iridescent shortbow
 24992 | D:11     | Reached XP level 15. HP: 114/135 MP: 17/17
 25782 | D:12     | Reached skill level 15 in Shields
 26367 | Orc:1    | Entered Level 1 of the Orcish Mines
 26521 | Orc:1    | Found a flagged portal.
 26582 | Bailey   | Entered a bailey
 26638 | Bailey   | Noticed hilaritas's ghost (novice FoFi)
 26653 | Bailey   | Killed hilaritas's ghost
 27775 | Orc:2    | Entered Level 2 of the Orcish Mines
 27916 | Orc:2    | Noticed vomix's ghost (journeyman MiBe)
 29186 | Orc:2    | Found a roughly hewn altar of Beogh.
 29187 | Orc:2    | Found Gufurchu's Assorted Antiques.
 29336 | Orc:2    | Found a roughly hewn altar of Beogh.
 29349 | Orc:2    | Found Leown's Jewellery Emporium.
 29423 | Orc:2    | Killed vomix's ghost
 29423 | Orc:2    | Reached skill level 15 in Armour
 29447 | Orc:2    | Found a roughly hewn altar of Beogh.
 29660 | Orc:2    | Found a roughly hewn altar of Beogh.
 29995 | Orc:2    | Noticed an orc warlord
 30155 | Orc:1    | Killed an orc warlord
 30380 | Orc:2    | Found Lacoasei's Antique Armour Emporium.
 30387 | Orc:2    | Found a roughly hewn altar of Beogh.
 30390 | Orc:2    | Found Ruilidui's Antique Weapon Shoppe.
 30448 | Orc:2    | Found a staircase to the Elven Halls.
 31575 | Orc:1    | Noticed an orc warlord
 31659 | Orc:2    | Killed an orc warlord
 31921 | Orc:1    | Found a roughly hewn altar of Beogh.
 31921 | Orc:1    | Noticed Josephine
 32031 | Orc:1    | Killed Josephine
 32525 | Orc:2    | Bought a runed hand crossbow for 188 gold pieces
 33055 | Spider:1 | Entered Level 1 of the Spider Nest
 33185 | Spider:1 | Noticed Frances
 33206 | Spider:1 | Killed Frances
 33442 | Spider:1 | You fall through a shaft!
 33471 | Spider:2 | Killed a ghost moth
 33745 | Spider:1 | Noticed Louise
 33769 | Spider:1 | Killed Louise
 33769 | Spider:1 | Reached XP level 16. HP: 127/146 MP: 21/21
 34256 | Spider:1 | Noticed Rupert
 34268 | Spider:1 | Killed Rupert
 34626 | Spider:2 | Reached skill level 18 in Axes
 34632 | Spider:2 | Reached skill level 5 in Spellcasting
 36239 | Spider:3 | Noticed Azrael
 36546 | Spider:3 | Noticed Mara
 36568 | Spider:3 | Noticed Arachne
 36576 | Spider:3 | Noticed equalderp2856's illusion
 37254 | Spider:3 | Killed Azrael
 37269 | Spider:3 | Noticed equalderp2856's illusion
 37505 | Spider:3 | Noticed equalderp2856's illusion
 37682 | Spider:3 | Noticed equalderp2856's illusion
 37805 | Spider:3 | Noticed equalderp2856's illusion
 37916 | Spider:2 | Reached skill level 15 in Fighting
 37929 | Spider:3 | Noticed equalderp2856's illusion
 37943 | Spider:2 | Noticed equalderp2856's illusion
 38047 | Spider:2 | Noticed equalderp2856's illusion
 38323 | Spider:3 | Killed Arachne
 38323 | Spider:3 | Reached skill level 1 in Charms
 38536 | Spider:4 | Entered Level 4 of the Spider Nest
 39496 | Spider:3 | Reached XP level 17. HP: 125/156 MP: 25/25
 40158 | Spider:2 | Noticed equalderp2856's illusion
 40354 | Spider:3 | HP: 6/156 [entropy weaver (10)]
 40355 | Spider:3 | Slain by an entropy weaver

Skill      XL: |  1  2  3  4  5  6  7  8  9 10 11 12 13 14 15 16 |
---------------+-------------------------------------------------+-----
Shields        | 4 5 6 7 8 9 10 12 13 14 15 17 | 17.4
Armour         | 4 5 6 7 8 9 11 12 13 14 15 16 | 16.6
Axes           | 3 4 5 7 9 10 12 14 15 16 17 18 | 18.4
Fighting       | 4 5 7 8 9 10 11 13 14 15 | 15.3
Dodging        | 1 2 3 4 5 |  5.4
Stealth        | 1 2 |  2.5
Polearms       | 2 3 5 6 |  6.1
Evocations     | 1 |  1.3
Spellcasting   | 2 4 6 |  6.2
Charms         | 1 |  1.0

Action                   |  1- 3 |  4- 6 |  7- 9 | 10-12 | 13-15 | 16-18 || total
-------------------------+-------+-------+-------+-------+-------+-------++-------
Melee: War axe           |    92 |   140 |   256 |   582 |  1567 |   813 ||  3450
       Headbutt          |     9 |    25 |    50 |   138 |   414 |   197 ||   833
       Trident           |       |       |       |    39 |    96 |       ||   135
       Battleaxe         |       |       |       |       |    45 |       ||    45
 Cast: Infusion          |       |       |       |       |     1 |     4 ||     5
Evoke: Wand              |       |       |       |     4 |     5 |       ||     9
       Fan of gales      |       |       |       |       |     1 |       ||     1
  Use: Scroll            |       |     7 |     6 |    13 |    11 |     3 ||    40
       Potion            |       |     1 |       |     6 |     9 |     8 ||    24
 Stab: Paralysed         |       |     1 |       |       |       |       ||     1
  Eat: Chunk             |       |     9 |    12 |    19 |    48 |    15 ||   103
       Royal jelly       |       |       |     1 |     2 |     1 |       ||     4
       Fruit             |       |       |     1 |       |    14 |     8 ||    23
Armor: Scale mail        |    63 |    72 |    83 |    15 |       |       ||   233
       Plate armour      |       |       |       |   262 |   754 |   669 ||  1685
       Chain mail        |       |       |       |       |    46 |       ||    46
Dodge: Dodged            |    44 |    49 |    90 |   197 |   496 |   418 ||  1294
Block: Shield            |    70 |    99 |   156 |   384 |  1195 |   865 ||  2769
